 Dungeon Crawl Stone Soup version 0.28.0-45-g0d030f2227 (webtiles) character file.

Game seed: 5659238397642944088

249 Ablot the Cutter (level 6, -5/53 HPs)
             Began as a Gnoll Chaos Knight on Apr 14, 2022.
             Was a Plaything of Xom.
             Slain by a wyvern (12 damage)
             ... on level 4 of the Dungeon.
             The game lasted 00:03:20 (2611 turns).

Ablot the Cutter (Gnoll Chaos Knight)               Turns: 2611, Time: 00:03:22

Health: -5/53      AC: 23    Str: 14    XL:     6   Next: 12%
Magic:  8/8        EV:  5    Int: 11    God:    Xom [*.....]
Gold:   71         SH:  5    Dex: 11    Spells: 8/8 levels left

rFire   + + .      SeeInvis .   a - +0 short sword (chaos)
rCold   + + .      Faith    .   (no shield)
rNeg    . . .      Spirit   .   o - +10 plate armour of Jiutuff {rF+}
rPois   .          Reflect  +   (no helmet)
rElec   .          Harm     .   w - scarf {rC+ rF+}
rCorr   +          Rampage  .   j - +0 pair of gloves
Will    .....                   (no boots)
Stlth   ..........              m - amulet of reflection
HPRegen 0.17/turn               r - ring of resist corrosion
MPRegen 0.11/turn               u - ring of protection from cold

@: no status effects
A: fangs 1, strong nose, distributed training
a: Renounce Religion


You were on level 4 of the Dungeon.
You worshipped Xom.
You were a special plaything of Xom.
You visited 1 branch of the dungeon, and saw 4 of its levels.

You collected 71 gold pieces.

Inventory:

Hand Weapons
 a - a +0 short sword of chaos (weapon)
Missiles
 g - 100 stones (quivered)
 k - 18 bolts
 l - 46 sling bullets
 n - 50 arrows
Armour
 b - a +2 leather armour
 j - a +0 pair of gloves (worn)
 o - the +10 plate armour of Jiutuff (worn) {rF+}
   (You found it on level 2 of the Dungeon)

   rF:        It protects you from fire.
 q - an orb of wrath
 w - a scarf of resistance (worn)
Jewellery
 m - an amulet of reflection (around neck)
 r - a ring of resist corrosion (left hand)
 u - a ring of protection from cold (right hand)
Scrolls
 c - 2 scrolls of teleportation {unknown}
 d - 2 scrolls of noise {unknown}
 e - 3 scrolls of identify {unknown}
 h - a scroll of immolation {unknown}
 i - a scroll of vulnerability {unknown}
 p - a scroll of torment {unknown}
 v - a scroll of magic mapping {unknown}
Potions
 f - a potion of attraction {unknown}
 t - 2 potions of lignification {unknown}
Miscellaneous
 s - a condenser vane


   Skills:
 + Level 6.8 Fighting
 + Level 6.8 Short Blades
 + Level 1.8 Long Blades
 + Level 1.8 Axes
 + Level 1.8 Maces & Flails
 + Level 1.8 Polearms
 + Level 1.8 Staves
 + Level 1.8 Slings
 + Level 1.8 Bows
 + Level 1.8 Crossbows
 + Level 1.8 Throwing
 + Level 4.9 Armour
 + Level 3.1 Dodging
 + Level 1.8 Stealth
 + Level 1.8 Shields
 + Level 1.8 Unarmed Combat
 + Level 1.8 Spellcasting
 + Level 1.4 Conjurations
 + Level 1.4 Hexes
 + Level 1.4 Summonings
 + Level 1.4 Necromancy
 + Level 1.4 Translocations
 + Level 1.4 Transmutations
 + Level 1.4 Fire Magic
 + Level 1.4 Ice Magic
 + Level 1.4 Air Magic
 + Level 1.4 Earth Magic
 + Level 1.4 Poison Magic
 + Level 2.0 Invocations
 + Level 1.8 Evocations


You had 8 spell levels left.
You didn't know any spells.
Your spell library contained the following spells:

 Spells                   Type           Power      Damage    Failure   Level
 Pain                     Necr           16%        1d4       100%        1
 Agony                    Necr           4%         N/A       100%        5
 Excruciating Wounds      Necr           2%         N/A       100%        5


Dungeon Overview and Level Annotations

Branches:
Dungeon (4/15)
 Temple: D:4-7

Altars:
Zin

Shops:
D:3 *


Innate Abilities, Weirdness & Mutations

You have very sharp teeth.
Your uncanny sense of smell can sniff out nearby items.
Your experience applies equally to all skills.


Message History

The wyvern is lightly wounded.
Unknown command.
You hit the wyvern. You freeze the wyvern.
The wyvern is moderately wounded.
The wyvern bites you but does no damage.
You hit the wyvern but do no damage.
The wyvern suddenly seems more agile.
The wyvern is moderately wounded.
The wyvern bites you but does no damage.
You hit the wyvern.
The wyvern goes berserk!
Xom thinks this is hilarious!
The wyvern is heavily wounded.
The wyvern barely misses you. The wyvern completely misses you.
You closely miss the wyvern.
The wyvern is heavily wounded.
The wyvern bites you but does no damage.
You block the wyvern's attack.
You hit the wyvern but do no damage.
The wyvern is poisoned.
The wyvern is heavily wounded.
The wyvern bites you but does no damage.
You hit the wyvern.
The wyvern seems to speed up.
The wyvern is heavily wounded.
The wyvern bites you!! You block the wyvern's attack.
You barely miss the wyvern. Your bite misses the wyvern.
The wyvern is heavily wounded.
You block the wyvern's attack.
The wyvern bites you but does no damage.
You hit the wyvern.
The wyvern seems to grow stronger.
The wyvern is severely wounded.
The wyvern completely misses you. You block the wyvern's attack.
You closely miss the wyvern.
The wyvern is severely wounded. "Forecast: mostly cloudy."
The wyvern bites you!
You hit the wyvern. You freeze the wyvern.
The wyvern is severely wounded.
The wyvern bites you!
* * * LOW HITPOINT WARNING * * *
The wyvern bites you!
You die...
Xom thinks this is hilarious!

∆ .###########
..(((§l§#..
#.######@#.#
###
#....§§§#.###.#
#.##.§#§§.....#
#..#.#.###.#
####.#.# #.#
..#.# #.#
####.# #.# #.#
#.# #.# #.#


You could see a wyvern (berserk, fast, strong, agile, very poisoned).

Vanquished Creatures
  An ogre (D:3)
  A scorpion (D:3)
  Jessica (D:3)
  3 adders (D:3)
  A worm (D:2)
  2 dart slugs
  An orc (D:3)
  6 bats
  2 endoplasms
  5 hobgoblins
  3 jackals (D:2)
  A kobold (D:1)
  3 quokkas
  7 ball pythons
  5 goblins
  4 rats
46 creatures vanquished.

Notes
Turn   | Place    | Note
-------+----------+-------------------------------------------
     0 | D:1      | Ablot the Gnoll Chaos Knight began the quest for the Orb.
     0 | D:1      | Reached XP level 1. HP: 23/23 MP: 1/1
   245 | D:1      | Reached XP level 2. HP: 24/29 MP: 2/2
   511 | D:1      | XOM: silly message
   626 | D:2      | Identified the +10 plate armour of Jiutuff {rF+}
   687 | D:2      | XOM: potion effect (brilliance)
   728 | D:2      | XOM: silly message
   732 | D:2      | XOM: divination: detect creatures
   734 | D:2      | Reached XP level 3. HP: 33/35 MP: 3/3
   754 | D:2      | Identified the +0 scale mail "Dojau" {Str+2}
  1274 | D:3      | Reached skill level 1 in Invocations
  1339 | D:3      | Found Zin's Purification Station.
  1339 | D:3      | Found a glowing silver altar of Zin.
  1411 | D:3      | Reached skill level 1 in Long Blades
  1411 | D:3      | Reached skill level 1 in Axes
  1411 | D:3      | Reached skill level 1 in Maces & Flails
  1411 | D:3      | Reached skill level 1 in Polearms
  1411 | D:3      | Reached skill level 1 in Staves
  1411 | D:3      | Reached skill level 1 in Slings
  1411 | D:3      | Reached skill level 1 in Bows
  1411 | D:3      | Reached skill level 1 in Crossbows
  1411 | D:3      | Reached skill level 1 in Throwing
  1411 | D:3      | Reached skill level 1 in Stealth
  1411 | D:3      | Reached skill level 1 in Shields
  1411 | D:3      | Reached skill level 1 in Unarmed Combat
  1411 | D:3      | Reached skill level 1 in Spellcasting
  1411 | D:3      | Reached skill level 1 in Evocations
  1411 | D:3      | Reached XP level 4. HP: 41/41 MP: 5/5
  1448 | D:3      | Found a faded altar of an unknown god.
  1491 | D:3      | XOM: cast spell 'Cause Fear'
  1540 | D:3      | Noticed Jessica
  1545 | D:3      | XOM: god gift: condenser vane
  1549 | D:3      | Killed Jessica
  1550 | D:3      | Reached skill level 1 in Conjurations
  1550 | D:3      | Reached skill level 1 in Hexes
  1550 | D:3      | Reached skill level 1 in Summonings
  1550 | D:3      | Reached skill level 1 in Necromancy
  1550 | D:3      | Reached skill level 1 in Translocations
  1550 | D:3      | Reached skill level 1 in Transmutations
  1550 | D:3      | Reached skill level 1 in Fire Magic
  1550 | D:3      | Reached skill level 1 in Ice Magic
  1550 | D:3      | Reached skill level 1 in Air Magic
  1550 | D:3      | Reached skill level 1 in Earth Magic
  1550 | D:3      | Reached skill level 1 in Poison Magic
  1588 | D:3      | Noticed an ogre
  1596 | D:3      | XOM: chaos upgrade
  1599 | D:3      | Killed an ogre
  1600 | D:3      | Reached XP level 5. HP: 23/47 MP: 5/7
  1606 | D:3      | XOM: summons 3 hostile demons
  1887 | D:3      | XOM: summons 1 hostile demon
  2207 | D:3      | XOM: cleaving
  2218 | D:3      | Reached XP level 6. HP: 51/53 MP: 8/8
  2598 | D:4      | Noticed a wyvern
  2610 | D:4      | XOM: fog
  2611 | D:4      | Slain by a wyvern

Illustrated notes

Levels and vault maps discovered:
D:1:      matt_arrival_refuge, layout_rooms, minmay_circled_x
D:2:      layout_basic, minmay_stone_trees_medium
D:3:      layout_basic, zin_purify, hellmonk_ecumenical_altar_arch_garden,
          uniq_jessica
D:4:      layout_basic, nicolae_elyvilon_peaceful_grove,
          uniq_crazy_yiuf_cottage, uniq_menkaure

Skill      XL: |  1  2  3  4  5 |
---------------+----------------+-----
Invocations    | 1 2 |  2.0
Long Blades    | 1 |  1.8
Axes           | 1 |  1.8
Maces & Flails | 1 |  1.8
Polearms       | 1 |  1.8
Staves         | 1 |  1.8
Slings         | 1 |  1.8
Bows           | 1 |  1.8
Crossbows      | 1 |  1.8
Throwing       | 1 |  1.8
Stealth        | 1 |  1.8
Shields        | 1 |  1.8
Unarmed Combat | 1 |  1.8
Spellcasting   | 1 |  1.8
Evocations     | 1 |  1.8
Conjurations   | 1 |  1.4
Hexes          | 1 |  1.4
Summonings     | 1 |  1.4
Necromancy     | 1 |  1.4
Translocations | 1 |  1.4
Transmutations | 1 |  1.4
Fire Magic     | 1 |  1.4
Ice Magic      | 1 |  1.4
Air Magic      | 1 |  1.4
Earth Magic    | 1 |  1.4
Poison Magic   | 1 |  1.4
Dodging        | 3 |  3.1
Fighting       | |  6.8
Short Blades   | |  6.8
Armour         | |  4.9

Action                   |  1- 3 |  4- 6 || total
-------------------------+-------+-------++-------
Melee: Short sword       |   117 |   104 ||   221
       Bite              |    12 |    13 ||    25
       Punch             |     4 |     2 ||     6
Throw: Stone             |       |     8 ||     8
Armor: Leather armour    |    20 |       ||    20
       Plate armour      |    37 |    69 ||   106
Dodge: Dodged            |    59 |    15 ||    74
Block: Other             |    14 |    22 ||    36
